 Dungeon Crawl Stone Soup version 0.23-a0-143-g1adec7b (webtiles) character file.

106 Amnesiac the Magician (level 4, 0/30 HPs)
             Began as a Mummy Ice Elementalist on Sept 3, 2018.
             Slain by Blork the orc
             ... wielding a +0 short sword
              (2 damage)
             ... on level 5 of the Dungeon.
             The game lasted 00:01:57 (1040 turns).

Amnesiac the Magician (Mummy Ice Elementalist)      Turns: 1040, Time: 00:01:58

Health: 0/30       AC:  2    Str: 11    XL:     4   Next: 55%
Magic:  1/9        EV: 12    Int: 15    God:
Gold:   37         SH:  0    Dex: 12    Spells: 1/10 levels left

rFire    x . .     SeeInvis .   c - +0 long sword
rCold    + . .     Gourm    .   (no shield)
rNeg     + + +     Faith    .   a - +0 robe
rPois    ∞         Spirit   .   (no helmet)
rElec    .         Reflect  .   (no cloak)
rCorr    .         Harm     .   (no gloves)
MR       .....                  (no boots)
Stlth    ++........             (no amulet)
HPRegen  0.10/turn              (no ring)
MPRegen  0.11/turn              (no ring)

@: no status effects
A: no food or potions, fire vulnerability, cold resistance 1, negative energy
resistance 3, torment resistance, unbreathing
a: no special abilities


You were on level 5 of the Dungeon.
You were not hungry.

You visited 1 branch of the dungeon, and saw 5 of its levels.

You collected 37 gold pieces.

Inventory:

Hand Weapons
 c - a +0 long sword (weapon)
Armour
 a - a +0 robe (worn)
Scrolls
 b - 3 scrolls of identify {!r, unknown}
 d - a scroll of teleportation {!r, unknown}
 e - a scroll of enchant armour {!r, unknown}
 f - a scroll of blinking {!r, unknown}


   Skills:
 - Level 1.5 Dodging
 - Level 1.5 Stealth
 + Level 3.9 Spellcasting
 - Level 0.7 Conjurations
 * Level 3.9 Ice Magic


You had one spell level left.
You knew the following spells:

 Your Spells              Type           Power        Failure   Level  Hunger
a - Freeze                Ice            ##..         3%          1    N/A
b - Summon Ice Beast      Ice/Summ       #.......     63%         4    N/A
d - Throw Icicle          Conj/Ice       ##......     56%         4    N/A

Your spell library contained the following spells:

 Spells                   Type           Power        Failure   Level  Hunger
 Throw Frost              Conj/Ice       ##....       11%         2    N/A
 Ozocubu's Armour         Chrm/Ice       #.......     24%         3    N/A

Dungeon Overview and Level Annotations

Branches:
Dungeon (5/15)
 Temple: D:4-7

Altars:
Ru

Annotations:
D:4 exclusions: downstairs and phantom
D:5 Blork the orc


Innate Abilities, Weirdness & Mutations

You do not eat or drink.
Your flesh is vulnerable to fire.
You are immune to poison.
Your flesh is cold resistant. (rC+)
You are immune to negative energy. (rN+++)
You are immune to unholy pain and torment.
You can survive without breathing.


Message History

Confirm with . or Enter, or press ? or * to list all spells.
Aiming: Freeze (safe; 4% risk of failure)
Press: ? - help, Shift-Dir - straight line, f/p - iguana
Aim: an iguana (severely wounded)
You freeze the iguana.
You kill the iguana!
A bullfrog skeleton comes into view.
Blork the orc hits you with a short sword.
Casting: Freeze (safe; 3% risk of failure)
Confirm with . or Enter, or press ? or * to list all spells.
Aiming: Freeze (safe; 3% risk of failure)
Press: ? - help, Shift-Dir - straight line, f - Blork the orc
Aim: Blork the orc, wielding a short sword and wearing a robe You freeze Blork the orc.
Blork the orc is lightly wounded.
Blork the orc barely misses you.
You riposte.
You closely miss Blork the orc.
Blork the orc is lightly wounded.
Casting: Freeze (safe; 3% risk of failure)
Confirm with . or Enter, or press ? or * to list all spells.
Aiming: Freeze (safe; 3% risk of failure)
Press: ? - help, Shift-Dir - straight line, f/p - Blork the orc
Aim: Blork the orc, wielding a short sword and wearing a robe (lightly wounded)
You freeze Blork the orc.
Blork the orc is moderately wounded.
Blork the orc hits you but does no damage.
Casting: Freeze (safe; 3% risk of failure)
Confirm with . or Enter, or press ? or * to list all spells.
Aiming: Freeze (safe; 3% risk of failure)
Press: ? - help, Shift-Dir - straight line, f/p - Blork the orc
Aim: Blork the orc, wielding a short sword and wearing a robe (moderately You freeze Blork the orc.
Blork the orc is moderately wounded.
Blork the orc gestures wildly while chanting.
Blork the orc seems to speed up.
Casting: Freeze (safe; 3% risk of failure)
Confirm with . or Enter, or press ? or * to list all spells.
Aiming: Freeze (safe; 3% risk of failure)
Press: ? - help, Shift-Dir - straight line, f/p - Blork the orc
Aim: Blork the orc, wielding a short sword and wearing a robe (moderately You freeze Blork the orc.
Blork the orc is heavily wounded.
Blork the orc frowns.
Blork the orc hits you with a short sword!
Casting: Freeze (safe; 3% risk of failure)
Confirm with . or Enter, or press ? or * to list all spells.
Aiming: Freeze (safe; 3% risk of failure)
Press: ? - help, Shift-Dir - straight line, f/p - Blork the orc
Aim: Blork the orc, wielding a short sword and wearing a robe (heavily wounded, You freeze Blork the orc.
Blork the orc is heavily wounded.
Blork the orc points at you and mumbles some strange words.
The puff of flame hits you! The fire burns you terribly!
* * * LOW HITPOINT WARNING * * *
Blork the orc hits you with a short sword!
* * * LOW HITPOINT WARNING * * *
Casting: Freeze (safe; 3% risk of failure)
Confirm with . or Enter, or press ? or * to list all spells.
Aiming: Freeze (safe; 3% risk of failure)
Press: ? - help, Shift-Dir - straight line, f/p - Blork the orc
Aim: Blork the orc, wielding a short sword and wearing a robe (heavily wounded, You freeze Blork the orc.
Blork the orc is heavily wounded.
Blork the orc hits you with a short sword.
You die...

## .. . #. #.# ..
##. ...# ..$##..
..# ....... #..###
.......####......#
#.Zo@..# ..
####..## .# #..#
#.## ##.###...##
#.##.....##
#.#..†....##
#....._.....
###.%.....#.
##.....##


You could see Blork the orc and a bullfrog skeleton.

Vanquished Creatures
  A howler monkey (D:4)
  An iguana (D:5)
  A worker ant (D:5)
  An adder (D:4)
  3 bats
  A giant cockroach (D:2)
  A goblin (D:1)
  A kobold (D:1)
  A quokka (D:4)
  A frilled lizard (D:2)
  A leopard gecko skeleton (D:4)
  A rat (D:1)
14 creatures vanquished.

Notes
Turn   | Place    | Note
-------+----------+-------------------------------------------
     0 | D:1      | Amnesiac the Mummy Ice Elementalist began the quest for the
                  | Orb.
     0 | D:1      | Reached XP level 1. HP: 13/13 MP: 4/4
   313 | D:2      | Reached XP level 2. HP: 19/19 MP: 2/5
   439 | D:4      | Noticed a phantom
   679 | D:5      | Entered Level 5 of the Dungeon
   679 | D:5      | Noticed Blork the orc
   679 | D:5      | Noticed a big kobold
   731 | D:4      | Noticed a howler monkey
   741 | D:4      | Killed a howler monkey
   741 | D:4      | Reached XP level 3. HP: 24/24 MP: 1/8
   976 | D:5      | Found a sacrificial altar of Ru.
   984 | D:5      | Reached XP level 4. HP: 26/30 MP: 4/9
   991 | D:5      | Learned a level 4 spell: Throw Icicle
   996 | D:5      | Learned a level 4 spell: Summon Ice Beast
  1040 | D:5      | Slain by Blork the orc

Vault maps used:
D:1:      giann_wishing_wells
D:2:      kennysheep_big_flooded_room, guppyfry_early_orc_mine
D:3:      chequers_ecumenical_altar_simple_redux
D:4:      serial_bayou, serial_bayou_pond_e, serial_bayou_lagoon_a,
          serial_bayou_pond_e, serial_bayou_crossing
D:5:      overflow_temple_1_default, lemuel_round_altar, first_ration,
          minivault_14, uniq_edmund, uniq_ijyb, uniq_crazy_yiuf_cottage,
          uniq_sigmund, uniq_blork_the_orc

Skill      XL: |  1  2 |
---------------+-------+-----
Spellcasting   | 3 |  3.9
Ice Magic      | 3 |  3.9
Dodging        | |  1.5
Stealth        | |  1.5
Conjurations   | |  0.7

Action                   |  1- 3 |  4- 6 || total
-------------------------+-------+-------++-------
Melee: Unarmed           |     2 |       ||     2
       Long sword        |     4 |       ||     4
 Cast: Freeze            |    30 |    10 ||    40
Armor: Robe              |     3 |     2 ||     5
Dodge: Dodged            |    19 |     4 ||    23
       Rpst.: Long sword |     2 |     2 ||     4

Table legend:
 A = Non-vault XP
 B = Vault XP
 C = Vault XP percentage of total XP
 D = Non-vault monster count
 E = Vault monster count
 F = Vault count percentage of total count
                 A         B        C        D         E       F
            +---------+---------+-------+---------+---------+-------
      Total |     152 |       0 |   0.0 |      14 |       0 |   0.0
            +---------+---------+-------+---------+---------+-------
        D:1 |       7 |       0 |   0.0 |       4 |       0 |   0.0
        D:2 |       5 |       0 |   0.0 |       4 |       0 |   0.0
        D:4 |      71 |       0 |   0.0 |       4 |       0 |   0.0
        D:5 |      69 |       0 |   0.0 |       2 |       0 |   0.0
            +---------+---------+-------+---------+---------+-------
